 Dungeon Crawl Stone Soup version 0.18-a0-1443-ge8f1551 (webtiles) character file.

49029 Duffy the Severer (level 14, -3/111 HPs)
             Began as a Demonspawn Gladiator on Mar 1, 2016.
             Was the Champion of Cheibriados.
             Slain by a komodo dragon (5 damage)
             ... on level 6 of the Lair of Beasts.
             The game lasted 00:18:51 (14270 turns).

Duffy the Severer (Demonspawn Gladiator)           Turns: 14270, Time: 00:18:52

Health: -3/111     AC: 20    Str: 34    XL:     14   Next: 14%
Magic:  20/20      EV: 16    Int: 26    God:    Cheibriados [******]
Gold:   950        SH:  3    Dex: 29    Spells: 0 memorised, 13 levels left

rFire  . . .     SeeInvis .     R - +4 executioner's axe (pain)
rCold  . . .     Gourm    .     J - +0 plate armour
rNeg   . . .     Faith    .     (shield currently unavailable)
rPois  .         Spirit   .     v - +1 hat
rElec  .         Dismiss  .     r - +0 cloak
rCorr  .         Reflect  +     O - +1 pair of gloves
SustAt .         Harm     .     (no boots)
MR     ++...     Clarity  +     G - +3 amulet of reflection
Stlth  ..........               q - +2 ring of evasion
                                T - ring of protection from magic

@: very slow, very resistant to hostile enchantments, extremely unstealthy
A: horns 2, clarity, powered by death 2, powered by pain 3, sturdy frame 1
a: Bend Time, Temporal Distortion, Slouch, Step From Time, Renounce Religion


You were on level 6 of the Lair of Beasts.
You worshipped Cheibriados.
Cheibriados was exalted by your worship.
You were not hungry.

You visited 3 branches of the dungeon, and saw 17 of its levels.

You collected 950 gold pieces.


Innate Abilities, Weirdness & Mutations

You have a pair of horns on your head.
You regenerate health from kills.
You are powered by pain.
Your movements are slightly less encumbered by armour (ER -2).
You possess an exceptional clarity of mind.


   Skills:
 + Level 10.8 Fighting
 * Level 15.6 Axes
 - Level 1.7 Throwing
 + Level 11.2 Armour
 + Level 5.3 Dodging
 - Level 9.0 Invocations


You had 13 spell levels left.
You didn't know any spells.

Inventory:

Hand Weapons
 R - a +4 executioner's axe of pain (weapon)
Missiles
 d - 3 throwing nets (quivered)
 z - 74 poisoned needles
Armour
 r - a +0 cloak (worn)
 v - a +1 hat (worn)
 J - a +0 plate armour (worn)
 O - a +1 pair of gloves (worn)
Jewellery
 q - a +2 ring of evasion (right hand)
 G - a +3 amulet of reflection (around neck)
 H - an uncursed ring of protection from fire
 I - an uncursed ring of protection from cold
 N - a -3 ring of strength
 Q - a -3 ring of slaying
 T - a ring of protection from magic (left hand)
 V - an uncursed ring of positive energy
Wands
 a - a wand of iceblast (5/15)
 c - a wand of teleportation (7/9)
 m - a wand of disintegration (14/24)
 w - a wand of paralysis (15/24)
 D - a wand of paralysis (19/24)
 E - a wand of digging (10/24)
 M - a wand of lightning (5/15)
 P - a wand of digging (12/24)
Scrolls
 h - 4 scrolls of remove curse
 j - 5 scrolls of teleportation
 k - 3 scrolls of fear
 l - 2 scrolls of enchant armour
 p - 3 scrolls of recharging
 B - 2 scrolls of immolation
 K - 3 scrolls of magic mapping
Potions
 e - 17 potions of curing
 n - a potion of cure mutation
 o - a potion of brilliance
 s - a potion of agility
 t - a potion of heal wounds
 u - 2 potions of cancellation
 A - a potion of ambrosia
 F - a potion of might
Miscellaneous
 y - a box of beasts
Comestibles
 f - 7 bread rations
 g - 5 beef jerkies
 i - 7 fruits
 x - 15 royal jellies
 C - 3 meat rations
 L - 2 slices of pizza

Dungeon Overview and Level Annotations

Branches:
Dungeon (10/15)            Temple (1/1) D:6            Lair (6/8) D:9
  Swamp: Lair:3-6    Shoals: Lair:3-6     Snake: Lair:3-6    Spider: Lair:3-6
  Slime: Lair:6-8       Orc: D:9-12

Altars:
Ashenzari
Cheibriados
Dithmenos
Elyvilon
Fedhas
Gozag
Kikubaaqudgha
Makhleb
Nemelex Xobeh
Okawaru
Pakellas
Qazlal
Ru
Sif Muna
Trog
Vehumet
Xom
Yredelemnul
Zin
The Shining One

Annotations:
Lair:4 exclusion: oklob plant


Message History

You are too injured to fight recklessly!
You chop one of the ten-headed hydra's heads off!
The nine-headed hydra grows two more!
You slash the 11-headed hydra!
The 11-headed hydra is almost dead.
You slash the yak!
The yak is lightly wounded.
You slash the komodo dragon!
The komodo dragon is moderately wounded.
The yak gores you. The 11-headed hydra closely misses you.
The 11-headed hydra bites you.
The 11-headed hydra bites you but does no damage.
The 11-headed hydra closely misses you. The 11-headed hydra barely misses you.
The 11-headed hydra bites you.
The 11-headed hydra completely misses you.
The 11-headed hydra bites you. The 11-headed hydra bites you!
The 11-headed hydra bites you but does no damage.
The 11-headed hydra barely misses you. The komodo dragon bites you.
You hack one of the 11-headed hydra's heads off!
The ten-headed hydra grows two more!
You slice the 12-headed hydra!!
Your headbutt misses the 12-headed hydra.
The 12-headed hydra is almost dead.
Your plate armour prevents you from hitting the komodo dragon.
The komodo dragon is moderately wounded.
You completely miss the yak.
The yak is lightly wounded.
The yak gores you but does no damage.
The 12-headed hydra bites you but does no damage. x2
The 12-headed hydra barely misses you. x2; The 12-headed hydra bites you.
The 12-headed hydra bites you but does no damage. x2
The 12-headed hydra completely misses you.
The 12-headed hydra closely misses you.
The 12-headed hydra bites you but does no damage.
The 12-headed hydra completely misses you.
The 12-headed hydra bites you. The komodo dragon bites you.
You die...

##...PP.P #.......####
#........#. #.........
#........ #..## ..
.....YY .#..####..
##YlD# #.....P.##
#P.Y@# ###........#
###...#####..........#
#.#....#.###.....#....
#...P#.###..........#
#..........%.<%.P..##
##P..#.##.#.......PP.
#P.P.### ####%.#.PP.
###.P## #.....##.
#...# ###......


You could see a 12-headed hydra, a komodo dragon and 4 yaks.

Action                   |  1- 3 |  4- 6 |  7- 9 | 10-12 | 13-15 || total
-------------------------+-------+-------+-------+-------+-------++-------
Melee: War axe           |    83 |    54 |    44 |   218 |       ||   399
       Hand axe          |       |   149 |   135 |       |       ||   284
       Unarmed           |       |       |     3 |       |       ||     3
       Executioner's axe |       |       |       |   322 |   294 ||   616
Invok: Slouch            |       |       |       |     1 |     4 ||     5
  Use: Scroll            |       |     4 |     7 |    18 |     4 ||    33
       Potion            |       |       |     1 |     1 |       ||     2
 Stab: Sleeping          |     2 |     1 |       |       |       ||     3
       Invisible         |       |     3 |       |       |       ||     3
       Confused          |       |       |     1 |       |       ||     1
       Petrified         |       |       |       |       |     5 ||     5
  Eat: Chunk             |     3 |    10 |     4 |     9 |     7 ||    33
       Beef jerky        |       |       |     1 |       |       ||     1

Notes
Turn   | Place    | Note
--------------------------------------------------------------
     0 | D:1      | Duffy the Demonspawn Gladiator began the quest for the Orb.
     0 | D:1      | Reached XP level 1. HP: 16/16 MP: 1/1
   143 | D:1      | Reached skill level 3 in Axes
   308 | D:1      | Gained mutation: You have a pair of small horns on your head. [demonic ancestry]
   308 | D:1      | Reached XP level 2. HP: 20/22 MP: 2/2
  1140 | D:1      | Gained mutation: You have a pair of horns on your head. [demonic ancestry]
  1140 | D:1      | Reached XP level 3. HP: 19/27 MP: 3/3
  1433 | D:2      | Reached skill level 4 in Axes
  2066 | D:3      | Reached XP level 4. HP: 33/33 MP: 4/4
  2319 | D:3      | Reached skill level 5 in Axes
  2474 | D:3      | Found a basalt altar of Yredelemnul.
  2884 | D:3      | Reached XP level 5. HP: 14/38 MP: 5/5
  3401 | D:3      | Found a shimmering altar of Xom.
  3401 | D:3      | Found a burning altar of Makhleb.
  3414 | D:3      | Paralysed by a crimson imp for 5 turns
  3977 | D:4      | Found a stormy altar of Qazlal.
  4007 | D:4      | Reached skill level 6 in Axes
  4120 | D:4      | Reached XP level 6. HP: 38/44 MP: 6/6
  4406 | D:4      | Found an ancient bone altar of Kikubaaqudgha.
  4437 | D:5      | Entered Level 5 of the Dungeon
  4813 | D:5      | Reached skill level 7 in Axes
  4950 | D:5      | Gained mutation: You regenerate a little health from kills. [demonic ancestry]
  4950 | D:5      | Reached XP level 7. HP: 46/50 MP: 7/7
  4981 | D:4      | Found a shattered altar of Ashenzari.
  4981 | D:4      | Found a blossoming altar of Fedhas.
  5349 | D:6      | Found a staircase to the Ecumenical Temple.
  5361 | Temple   | Entered the Ecumenical Temple
  5621 | Temple   | Became a worshipper of Cheibriados the Contemplative
  5640 | D:6      | Noticed a yak
  5641 | D:6      | Noticed a yak
  5641 | D:6      | Noticed a yak
  5641 | D:6      | Noticed a yak
  5673 | Temple   | Killed a yak
  5673 | Temple   | Reached skill level 8 in Axes
  5705 | Temple   | Killed a yak
  5720 | Temple   | Killed a yak
  5720 | Temple   | Reached skill level 9 in Axes
  5720 | Temple   | Gained mutation: You sometimes gain a little power by taking damage. [demonic ancestry]
  5720 | Temple   | Reached XP level 8. HP: 35/56 MP: 8/8
  5834 | D:6      | Noticed Eustachio
  5985 | D:6      | Killed Eustachio
  5985 | D:6      | Reached skill level 10 in Axes
  6013 | D:6      | Found a glowing golden altar of the Shining One.
  6196 | D:6      | Reached * piety under Cheibriados
  6331 | D:6      | Found an opulent altar of Gozag.
  6456 | D:6      | Reached skill level 10 in Armour
  6456 | D:6      | Gained mutation: You sometimes gain power by taking damage. [demonic ancestry]
  6456 | D:6      | Reached XP level 9. HP: 61/61 MP: 9/9
  6754 | D:7      | Reached skill level 3 in Fighting
  6755 | D:7      | Reached XP level 10. HP: 7/70 MP: 10/10
  6756 | D:7      | Reached ** piety under Cheibriados
  6838 | D:7      | Reached skill level 11 in Axes
  6928 | D:7      | Reached skill level 4 in Fighting
  7349 | D:8      | Reached *** piety under Cheibriados
  7402 | D:8      | Reached skill level 5 in Fighting
  7892 | D:9      | Found a shattered altar of Ashenzari.
  7956 | D:9      | Noticed a hill giant
  7959 | D:9      | Reached **** piety under Cheibriados
  7968 | D:9      | Killed a hill giant
  8280 | D:9      | Reached skill level 6 in Fighting
  8283 | D:9      | Found a bloodstained altar of Trog.
  8376 | D:9      | Found a staircase to the Lair.
  8549 | D:10     | Entered Level 10 of the Dungeon
  8549 | D:10     | Noticed a hill giant
  8551 | D:10     | Noticed a hill giant
  8558 | D:10     | Killed a hill giant
  8558 | D:10     | Gained mutation: You regenerate health from kills. [demonic ancestry]
  8558 | D:10     | Reached XP level 11. HP: 1/82 MP: 11/11
  8558 | D:10     | Killed a hill giant
  8558 | D:10     | Reached skill level 12 in Axes
  8907 | D:10     | Reached skill level 7 in Fighting
  8917 | D:10     | Reached ***** piety under Cheibriados
  9091 | D:10     | Reached skill level 1 in Invocations
  9185 | D:10     | Noticed a hill giant
  9190 | D:10     | Killed a hill giant
  9190 | D:10     | Reached skill level 2 in Invocations
  9252 | D:10     | Reached skill level 3 in Invocations
  9746 | Lair:1   | Entered Level 1 of the Lair of Beasts
  9782 | Lair:1   | Reached ****** piety under Cheibriados
  9903 | Lair:1   | Reached skill level 4 in Invocations
 10245 | Lair:1   | Noticed Gastronok
 10256 | Lair:1   | Killed Gastronok
 10256 | Lair:1   | Reached skill level 8 in Fighting
 10256 | Lair:1   | Reached skill level 13 in Axes
 10256 | Lair:1   | Reached skill level 5 in Invocations
 10555 | Lair:2   | Gained mutation: Your movements are slightly less encumbered by armour (ER -2). [demonic ancestry]
 10555 | Lair:2   | Reached XP level 12. HP: 87/92 MP: 15/15
 10567 | Lair:2   | Reached skill level 6 in Invocations
 10589 | Lair:2   | Gained mutation: You possess an exceptional clarity of mind. [potion of beneficial mutation]
 10671 | Lair:2   | Reached skill level 7 in Invocations
 10672 | Lair:2   | Reached skill level 9 in Fighting
 10699 | Lair:2   | Reached skill level 14 in Axes
 11007 | Lair:3   | Reached skill level 8 in Invocations
 11068 | Lair:3   | Reached XP level 13. HP: 62/101 MP: 19/19
 11114 | Lair:3   | Reached skill level 9 in Invocations
 11281 | Lair:3   | Reached skill level 3 in Dodging
 12246 | Lair:4   | Reached skill level 10 in Fighting
 12251 | Lair:4   | Reached skill level 4 in Dodging
 12253 | Lair:4   | Reached skill level 15 in Axes
 13418 | Lair:5   | Reached skill level 11 in Armour
 13418 | Lair:5   | Reached skill level 5 in Dodging
 13719 | Lair:5   | Noticed Rupert
 13728 | Lair:5   | Gained mutation: You are powered by pain. [demonic ancestry]
 13728 | Lair:5   | Reached XP level 14. HP: 46/111 MP: 20/20
 13729 | Lair:5   | Killed Rupert
 14270 | Lair:6   | Slain by a komodo dragon

Vault maps used:
D:1:      minmay_arrival_three_doors
D:3:      grunt_temple_overflow_champion_of_chaos, yredelemnul_altar_generic,
          minmay_misc_feat_doors, minmay_shallow_snake_nest
D:4:      lemuel_castle_with_subvaults, grunt_qazlal_clouds,
          kennysheep_little_box, gammafunk_temple_overflow_elements,
          kennysheep_diamond, abandoned_shop
D:5:      first_bread
D:6:      nicolae_gozag_seed_capital, minmay_temple_entry_glassed_door,
          serial_glass, glass_columns_c, glass_columns_a, basic_altar,
          uniq_eustachio
D:9:      overflow_temple_1_default, david_lair_shrubbed, basic_altar
D:10:     special_room
Temple:   triangle_lava_temple_11
Lair:1:   infiniplex_staircase_pool, uniq_gastronok
Lair:2:   mu_elephants_graveyard
Lair:3:   beast_lair_carwin_large_2
Lair:4:   lemuel_slime, special_room
Lair:5:   uniq_rupert
Lair:6:   swamp_mist_pool, dummy_spider_entry, wad_woods_road_05,
          infiniplex_staircase_pool_2, grunt_megastairs_2, serial_bayou_shore_b

Vanquished Creatures
  Rupert Gastronok
  A catoblepas
  3 hydras
  3 death yaks
  4 hill giants
  A griffon
  A manticore
  23 elephants
  2 black mambas
  7 spiny frogs
  6 rime drakes
  9 komodo dragons
  A queen bee
  A troll
  3 blink frogs
  6 wyverns
  5 basilisks
  40 yaks
  18 hippogriffs Eustachio
  A hungry ghost
  13 wolves
  11 water moccasins
  9 porcupines
  2 orc warriors
  3 ice beasts
  3 phantoms
  A black bear
  2 sky beasts
  3 centaurs
  6 ogres
  9 crocodiles
  12 giant frogs
  2 scorpions
  35 killer bees
  A howler monkey
  An electric eel
  7 wights
  7 crimson imps
  2 giant frog zombies
  A centaur skeleton
  5 hounds
  6 jellies
  6 orc priests
  7 iguanas
  7 orc wizards
  7 hell rats
  5 worker ants
  24 sheep
  A killer bee zombie
  8 gnolls
  A howler monkey skeleton
  13 adders
  38 river rats
  12 oozes
  3 worms
  4 dart slugs
  3 giant geckos
  23 orcs
  2 giant cockroaches
  7 goblins
  2 hobgoblins
  15 jackals
  2 kobolds
  10 quokkas
  6 ball pythons
  A bat
  A giant cockroach zombie
  2 giant gecko skeletons
  4 giant newts
  A jackal skeleton
  A quokka skeleton
  10 rats
  19 fungi
  10 plants
534 creatures vanquished.
